 Dungeon Crawl Stone Soup version 0.20.1-1-g8b1a95d (webtiles) character file.

676 necrodante the Cutter (level 7, -6/41 HPs)
             Began as a Gargoyle Gladiator on Oct 22, 2017.
             Splashed by a jelly's acid (7 damage)
             ... on level 5 of the Dungeon.
             The game lasted 00:07:31 (1378 turns).

necrodante the Cutter (Gargoyle Gladiator)          Turns: 1378, Time: 00:07:34

Health: -6/41      AC:  0    Str: 20    XL:     7   Next: 60%
Magic:  7/7        EV: 13    Int:  8    God:
Gold:   102        SH:  0    Dex: 11    Spells: 6/6 levels left

rFire    + . .     SeeInvis .   k - +2 short sword (venom)
rCold    + . .     Gourm    .   (no shield)
rNeg     + + .     Faith    +   A - +2 leather armour {rPois}
rPois    ∞         Spirit   .   c - +0 helmet
rElec    +         Reflect  .   p - scarf {rC+ rF+}
rCorr    .         Harm     .   (no gloves)
MR       .....                  (no boots)
Stlth    +.........             z - amulet of faith
Regen    0.2/turn               m - ring of positive energy
MPRegen  0.1/turn               (no ring)

@: corroded
A: negative energy resistance 1, electricity resistance, unbreathing,
petrification resistance, rot immunity, AC +4
a: no special abilities


You were on level 5 of the Dungeon.
You were not hungry.

You visited 1 branch of the dungeon, and saw 5 of its levels.

You collected 102 gold pieces.

Inventory:

Hand Weapons
 a - a +0 trident
 k - a +2 short sword of venom (weapon)
 w - a +0 trident
Missiles
 d - 3 throwing nets (quivered)
 t - 20 bolts
 u - 18 arrows
 v - 36 stones
Armour
 b - a +0 leather armour
 c - a +0 helmet (worn)
 l - a +0 leather armour
 n - a +0 ring mail
 p - a scarf of resistance (worn)
 A - a +2 leather armour of poison resistance (worn)
Jewellery
 m - a ring of positive energy (left hand)
 y - an uncursed amulet of the gourmand
 z - an amulet of faith (around neck)
Scrolls
 h - a scroll of immolation {unknown}
 i - a scroll of enchant armour {unknown}
 o - 2 scrolls of recharging {unknown}
 q - 4 scrolls of identify {unknown}
 r - a scroll of teleportation {unknown}
 x - a scroll of remove curse {unknown}
Potions
 e - a potion of ambrosia {unknown}
 g - 3 potions of heal wounds
 j - a potion of mutation {unknown}
Comestibles
 f - a bread ration
 s - a meat ration


   Skills:
 + Level 3.6 Fighting
 + Level 4.3 Short Blades
 + Level 3.3 Polearms
 + Level 1.9 Throwing
 + Level 2.5 Armour
 + Level 4.2 Dodging
 + Level 1.2 Stealth


You had 6 spell levels left.
You didn't know any spells.

Dungeon Overview and Level Annotations

Branches:
Dungeon (5/15)
 Temple: D:4-7

Altars:


Innate Abilities, Weirdness & Mutations

You are resistant to torment.
Your stone body is resilient. (AC +4)
You are immune to poison.
You resist negative energy. (rN+)
You are resistant to electric shocks. (rElec)
You can survive without breathing.
You are immune to petrification.
You are immune to rotting.


Message History

You puncture the jelly! The acid corrodes you!
Your hands burn!
The jelly is heavily wounded.
You hit the jelly. The acid corrodes you!
Your hands burn!
* * * LOW HITPOINT WARNING * * *
The jelly is severely wounded.
The jelly hits you but does no damage.
You barely miss the jelly.
The jelly is severely wounded.
The jelly hits you but does no damage.
You hit the jelly. The acid corrodes you!
Your hands burn!
* * * LOW HITPOINT WARNING * * *
The jelly is severely wounded.
The jelly barely misses you.
You hit the jelly but do no damage.
Your hands burn!
* * * LOW HITPOINT WARNING * * *
The jelly is severely wounded.
The jelly hits you.
* * * LOW HITPOINT WARNING * * *
You are splashed with acid!
The acid burns!
You die...

#..## ####..........##
##..###..............# #
##...................#
#####.........####......##
.#.........#### #.....###
.........### #..####
#.....#### ##.## ##..###
#..# #..# #@## ##.#
#....J.# ... #.###..# ....
.... ....#. #...# .....
.#... ...#.. ...#...


You could see a jelly.

Vanquished Creatures
  Grinder (D:5)
  An ice beast (D:5)
  A sky beast (D:5)
  A phantom (D:5)
  3 orc wizards (D:5)
  A worker ant (D:5)
  5 adders
  A shadow imp (D:5)
  An adder skeleton (D:4)
  5 orcs
  A ball python (D:1)
  5 goblins (D:1)
  3 hobgoblins
  2 jackals (D:4)
  5 quokkas
  3 bats (D:1)
  A kobold (D:1)
  A leopard gecko skeleton (D:5)
  4 rats (D:1)
45 creatures vanquished.

Notes
Turn   | Place    | Note
-------+----------+-------------------------------------------
     0 | D:1      | necrodante the Gargoyle Gladiator began the quest for the Orb.
     0 | D:1      | Reached XP level 1. HP: 12/12 MP: 1/1
   266 | D:1      | Reached XP level 2. HP: 17/17 MP: 2/2
   385 | D:3      | Reached XP level 3. HP: 22/22 MP: 3/3
   709 | D:4      | Reached XP level 4. HP: 25/27 MP: 4/4
   886 | D:5      | Entered Level 5 of the Dungeon
   886 | D:5      | Noticed Grinder
   892 | D:5      | Paralysed by Grinder for 4 turns
   903 | D:5      | Reached skill level 1 in Short Blades
   910 | D:5      | Reached skill level 1 in Armour
   910 | D:5      | Reached XP level 5. HP: 16/32 MP: 5/5
   925 | D:5      | Paralysed by Grinder for 7 turns
   938 | D:5      | Paralysed by Grinder for 4 turns
   946 | D:5      | Paralysed by Grinder for 2 turns
   949 | D:5      | Killed Grinder
   949 | D:5      | Reached XP level 6. HP: 13/37 MP: 6/6
  1061 | D:5      | Noticed a phantom
  1121 | D:5      | Killed a phantom
  1121 | D:5      | Reached XP level 7. HP: 12/41 MP: 7/7
  1358 | D:5      | Reached skill level 1 in Stealth
  1378 | D:5      | HP: 1/41 [jelly (3)]
  1378 | D:5      | Splashed by a jelly's acid

Skill      XL: |  1  2  3  4  5  6  7 |
---------------+----------------------+-----
Polearms       | 3 |  3.3
Dodging        | 3 4 |  4.2
Short Blades   | 1 2 3 4 |  4.3
Armour         | 1 2 |  2.5
Fighting       | 3 |  3.6
Stealth        | 1 |  1.2
Throwing       | |  1.9

Action                   |  1- 3 |  4- 6 |  7- 9 || total
-------------------------+-------+-------+-------++-------
Melee: Trident           |    19 |       |       ||    19
       Short sword       |    62 |    71 |    44 ||   177
  Use: Potion            |       |       |     2 ||     2
  Eat: Bread ration      |       |       |     1 ||     1
Armor: Leather armour    |    35 |    31 |    17 ||    83
Dodge: Dodged            |    65 |    32 |    35 ||   132
